 Dungeon Crawl Stone Soup version 0.29-a0-529-gfa20dd96a1 (webtiles) character file.

Game seed: 12000876902087536490

1521 xian the Conjurer (level 8, -9/63 HPs)
             Began as a Yellow Draconian Conjurer on June 1, 2022.
             Was an Initiate of Gozag.
             Mangled by Foxy's ghost (17 damage)
             ... on level 6 of the Dungeon.
             The game lasted 00:14:51 (6191 turns).

xian the Conjurer (Yellow Draconian Conjurer)       Turns: 6191, Time: 00:14:51

Health: -9/63      AC:  6    Str:  9    XL:     8   Next: 54%
Magic:  5/16       EV: 13    Int: 20    God:    Gozag
Gold:   405        SH:  0    Dex: 11    Spells: 15/18 levels left

rFire   . . .      SeeInvis .   o - +1 hand axe (flame)
rCold   . . .      Faith    .   (no shield)
rNeg    . . .      Spirit   .   (body armour unavailable)
rPois   .          Reflect  .   (helmet restricted)
rElec   .          Harm     .   (no cloak)
rCorr   +          Rampage  .   (no gloves)
Will    .....                   (no boots)
Stlth   ++........              (no amulet)
HPRegen 0.20/turn               t - ring of wizardry
MPRegen 0.15/turn               (no ring)

@: gold aura
A: spit acid, AC +6, unfitting armour, cold-blooded, acid resistance
a: Breathe Acid, Renounce Religion, Potion Petition, Call Merchant, Bribe Branch


You were on level 6 of the Dungeon.
You worshipped Gozag.
Gozag was aware of your devotion.
You visited 2 branches of the dungeon, and saw 7 of its levels.

You collected 524 gold pieces.
You paid 119 gold pieces to Gozag.

Inventory:

Hand Weapons
 o - a +1 hand axe of flaming (weapon)
 r - a +3 short sword of distortion
Missiles
 p - a throwing net
Jewellery
 t - a ring of wizardry (left hand)
Scrolls
 d - 2 scrolls of vulnerability
 e - 4 scrolls of teleportation
 f - 2 scrolls of blinking
 h - a scroll of brand weapon
 l - a scroll of fog {unknown}
 m - a scroll of torment {unknown}
 q - a scroll of noise
 v - a scroll of poison {unknown}
Potions
 a - a potion of magic
 b - 3 potions of might
 c - a potion of resistance {unknown}
 g - a potion of flight {unknown}
 i - 2 potions of haste
 j - 3 potions of mutation {unknown}
 k - 3 potions of curing
 s - a potion of attraction {unknown}
 u - a potion of lignification {unknown}


   Skills:
 + Level 3.0 Fighting
 + Level 2.8 Short Blades
 + Level 1.2 Axes
 + Level 4.2 Dodging
 + Level 3.3 Stealth
 + Level 5.7 Spellcasting
 + Level 6.9 Conjurations


You had 15 spell levels left.
You knew the following spells:

 Your Spells              Type           Power      Damage    Failure   Level
a - Magic Dart            Conj           100%       1d8       1%          1
b - Searing Ray           Conj           66%        2d6       1%          2

Your spell library contained the following spells:

 Spells                   Type           Power      Damage    Failure   Level
 Dazzling Flash           Conj/Hex       38%        N/A       3%          3
 Beastly Appendage        Tmut           10%        N/A       4%          1
 Ensorcelled Hibernation  Hex/Ice        10%        N/A       6%          2
 Wereblood                Tmut           5%         N/A       6%          2
 Fulminant Prism          Conj/Hex       9%         3d7       11%         4
 Iskenderun's Mystic Bla  Conj/Tloc      19%        2d6       11%         4
 Call Canine Familiar     Summ           5%         N/A       13%         3
 Gell's Gravitas          Tloc           5%         N/A       13%         3
 Lesser Beckoning         Tloc           5%         N/A       13%         3
 Portal Projectile        Hex/Tloc       10%        N/A       13%         3
 Spider Form              Tmut/Pois      5%         N/A       13%         3
 Teleport Other           Tloc           5%         N/A       13%         3
 Anguish                  Hex/Necr       2%         N/A       38%         4
 Leda's Liquefaction      Hex/Erth       2%         N/A       38%         4
 Olgreb's Toxic Radiance  Pois           5%         N/A       38%         4
 Ozocubu's Refrigeration  Ice            2%         4d5       100%        7
 Ignition                 Fire           2%         3d3       100%        8


Dungeon Overview and Level Annotations

Branches:
Dungeon (6/15)             Temple (1/1) D:5

Altars:
Ashenzari
Elyvilon
Fedhas
Gozag
Nemelex Xobeh
Wu Jian

Annotations:
D:6 Foxy's ghost, novice MyFi


Innate Abilities, Weirdness & Mutations

You can spit globs of acid.
Your golden yellow scales are hard. (AC +6)
You cannot fit into any form of body armour.
You are cold-blooded and may be slowed by cold attacks.
You are resistant to acid. (rCorr)


Message History

The searing ray hits the ice beast.
The ice beast is heavily wounded.
The searing ray hits Foxy's ghost but does no damage.
Foxy's ghost is lightly damaged. (Press . to maintain the ray.)
The ice beast hits you. The ice beast freezes you!
You feel as though you will be slow longer.
The ice beast hits you but does no damage.
The searing ray hits the ice beast.
The ice beast is severely wounded.
The searing ray hits Foxy's ghost but does no damage.
Foxy's ghost is lightly damaged.
The ice beast barely misses you.
Foxy's ghost is distracted by your dazzling golden aura.
The searing ray hits the ice beast.
The ice beast is severely wounded.
The searing ray hits Foxy's ghost but does no damage.
Foxy's ghost is lightly damaged.
Foxy's ghost is no longer distracted by gold.
Foxy's ghost turns its malevolent gaze towards you.
Foxy's ghost hits you. The ice beast closely misses you.
The searing ray hits Foxy's ghost!
Foxy's ghost is moderately damaged.
The searing ray hits the ice beast!
The ice beast is heavily wounded.
You finish channelling your searing ray.
You feel yourself speed up. The ice beast hits you. The ice beast freezes you.
You feel yourself slow down. Foxy's ghost barely misses you.
Casting: Searing Ray (safe; 1% risk of failure)
Confirm with . or Enter, or press ? or * to list all spells.
You don't know that spell.
The ice beast barely misses you. Foxy's ghost misses you.
Foxy's ghost attacks as you move away! Foxy's ghost hits you!
* * * LOW HITPOINT WARNING * * *
You feel yourself speed up.
The ice beast is distracted by your dazzling golden aura.
Foxy's ghost attacks as you move away! Foxy's ghost hits you!
You die...
Your body crumbles into a pile of gold.

# #. .###### $ .. ......
.. ..... #. #####...# #
#..####...##..# ######.###
.....)Y.WY.#..# #.........
....$.###@.##.###.........
##..#...
##..#............. .#..#..
#..#...#......... #..##
##..#...#......... #...##
##..##.#.##########
#....####...#....#
#..........##..#.#
##.........#...#...
##.......##.#.###...


You could see 2 ice beasts and Foxy's ghost.

Vanquished Creatures
  Sigmund (D:6)
  An orc warrior (D:6)
  2 black bears
  A centaur (D:5)
  A necrophage (D:5)
  2 scorpions
  A gnoll sergeant (D:5)
  4 hounds
  3 jellies
  An orc priest (D:4)
  Crazy Yiuf (D:3)
  A gnoll shaman (D:4)
  An orc wizard (D:5)
  6 iguanas
  2 centaur simulacra (D:6)
  A bullfrog simulacrum (D:6)
  3 adders
  11 gnolls
  A white imp (D:6)
  A worm (D:2)
  3 dart slugs
  21 orcs
  12 ball pythons
  9 endoplasms
  2 giant cockroaches (D:4)
  2 hobgoblins
  4 kobolds
  2 bats
  A frilled lizard (D:2)
  3 goblins
104 creatures vanquished.

Vanquished Creatures (others)
  7 plants (D:5)
7 creatures vanquished.

Grand Total: 111 creatures vanquished

Notes
Turn   | Place    | Note
-------+----------+-------------------------------------------
     0 | D:1      | xian the Draconian Conjurer began the quest for the Orb.
     0 | D:1      | Reached XP level 1. HP: 14/14 MP: 3/3
   436 | D:1      | Reached XP level 2. HP: 20/20 MP: 1/5
   939 | D:2      | Found a faded altar of an unknown god.
  1788 | D:3      | Reached XP level 3. HP: 26/26 MP: 2/6
  2222 | D:3      | Found a runed translucent door.
  2223 | D:3      | Noticed Crazy Yiuf
  2784 | D:3      | Learned a level 2 spell: Searing Ray
  2787 | D:3      | Killed Crazy Yiuf
  2788 | D:3      | Reached XP level 4. HP: 23/34 MP: 2/7
  3259 | D:4      | Noticed a black bear
  3265 | D:4      | Killed a black bear
  3266 | D:4      | Reached skill level 1 in Short Blades
  3266 | D:4      | Reached skill level 5 in Conjurations
  3266 | D:4      | Reached XP level 5. HP: 39/39 MP: 1/9
  3379 | D:4      | Reached skill level 1 in Fighting
  3474 | D:4      | Reached XP level 6. HP: 47/47 MP: 9/11
  4237 | D:5      | Entered Level 5 of the Dungeon
  4305 | D:5      | Your scales start taking on a golden yellow colour.
  4305 | D:5      | Reached XP level 7. HP: 37/53 MP: 2/13
  4305 | D:5      | Gained mutation: You are resistant to acid. (rCorr) [Yellow
                  | Draconian growth]
  4451 | D:5      | Reached skill level 6 in Conjurations
  4783 | D:5      | Found a staircase to the Ecumenical Temple.
  4803 | Temple   | Entered the Ecumenical Temple
  4885 | Temple   | Became a worshipper of Gozag Ym Sagoz the Greedy
  5055 | D:5      | Reached skill level 5 in Spellcasting
  5055 | D:5      | Reached XP level 8. HP: 32/61 MP: 3/15
  5430 | D:5      | Found an ornate altar of the Wu Jian Council.
  5560 | D:6      | Noticed Sigmund
  5568 | D:6      | Killed Sigmund
  5759 | D:6      | Reached skill level 1 in Axes
  6098 | D:6      | Found a runed translucent gate.
  6098 | D:6      | Found a runed translucent gate.
  6098 | D:6      | Found a runed translucent gate.
  6180 | D:6      | Noticed Foxy's ghost (novice MyFi)
  6191 | D:6      | Mangled by Foxy's ghost

Illustrated notes

Levels and vault maps discovered:
D:1:      minmay_arrival_stair_chambers, layout_basic
D:2:      layout_basic, basic_ecumenical_altar, st_stairs_8
D:3:      layout_basic, nicolae_elevator_lobby_asterisk, uniq_crazy_yiuf_cottage
D:4:      minmay_door_path, layout_loops_ring
D:5:      layout_rooms, nicolae_wu_jian_immortal_techniques,
          minmay_temple_entry_gardened_gates, grunt_ministairs_15
D:6:      layout_basic, gammafunk_ghost_icy, uniq_sigmund, uniq_maggie
Temple:   nicolae_temple_the_god_donut

Skill      XL: |  1  2  3  4  5  6  7  8 |
---------------+-------------------------+-----
Stealth        | 2 3 |  3.3
Dodging        | 2 3 4 |  4.2
Short Blades   | 1 2 |  2.8
Spellcasting   | 3 4 5 |  5.7
Conjurations   | 5 6 |  6.9
Fighting       | 1 2 3 |  3.0
Axes           | 1 |  1.2

Action                   |  1- 3 |  4- 6 |  7- 9 || total
-------------------------+-------+-------+-------++-------
Melee: Unarmed           |     4 |       |       ||     4
       Dagger            |     2 |       |       ||     2
       Short sword       |    12 |    13 |       ||    25
       Tailslap          |     2 |     4 |     2 ||     8
       Hand axe          |       |     5 |    25 ||    30
 Cast: Magic Dart        |    60 |    33 |    25 ||   118
       Searing Ray       |     1 |    14 |    27 ||    42
 Abil: Breathe Acid      |       |       |     1 ||     1
  Use: Scroll            |     4 |     1 |     3 ||     8
       Potion            |       |       |     1 ||     1
Armor: Skin              |    17 |     8 |    18 ||    43
Dodge: Dodged            |    17 |    41 |    45 ||   103

Table legend: (Time is in decaauts)
 A = Elapsed time spent in this place.
 B = Non-inter-level travel time spent in this place.
 C = Inter-level travel time spent in this place.
 D = Time resting spent in this place.
 E = Time spent auto-exploring this place.
 F = Levels seen in this place.
 G = Mean time per level.
                   A        B        C        D        E       F      G
               +--------+--------+--------+--------+--------+-----+--------+
         Total |   6201 |   6088 |    113 |    347 |   4693 |   7 |  885.9 |
       Dungeon |   6111 |   5998 |    113 |    347 |   4618 |   6 | 1018.5 |
        Temple |     90 |     90 |      0 |      0 |     75 |   1 |   90.0 |
               +--------+--------+--------+--------+--------+-----+--------+

Top non-repeatable levels by time:
     D:4: 1348 daAuts
     D:3: 1305 daAuts
     D:5: 1193 daAuts
     D:1: 824 daAuts
     D:2: 799 daAuts
     D:6: 641 daAuts
  Temple: 90 daAuts
